[Event "US Masters 2022"]
[Site "Charlotte"]
[Date "2022.11.26"]
[Round "5.18"]
[White "Kavutskiy, Konstantin"]
[Black "Ghaemmaghami, Ehsan"]
[Result "1-0"]
[ECO "E15"]
[WhiteElo "2383"]
[BlackElo "2511"]
[Annotator "TA"]
[PlyCount "130"]
[EventDate "2022.11.23"]
[EventType "swiss"]
[EventCountry "USA"]
[SourceTitle "playchess.com"]
[Source "ChessBase"]
[SourceQuality "1"]
[TimeControl "5400+30"]

1. d4 Nf6 2. c4 e6 3. Nf3 b6 4. g3 Ba6 5. b3 c6 6. Bg2 d5 7. Nbd2 Nbd7 {[%emt 0:02:22] E15: Queen's Indian: 4 g3 sidelines, 4 g3 Ba6 and 4 g3 Bb7 early deviations.} 8. O-O Rc8 9. e4 (9. Bb2 {simplifies} Bb7 10. e4 Nxe4 11. Nxe4 dxe4 12. Nd2) 9... dxe4 {[%emt 0:09:17] White has an edge.} 10. Ng5 {[%emt 0:00:19] [#]} e3 $146 ({Predecessor:} 10... c5 11. Ndxe4 h6 12. Nxf6+ Qxf6 13. Nf3 b5 14. Bf4 cxd4 15. Nxd4 e5 16. cxb5 Bc5 {0-1 (64) Kotanjian,T (2580)-Li,C (2634) Martuni 2009}) 11. fxe3 Be7 12. e4 O-O 13. Bb2 Ne8 14. Ngf3 c5 $1 15. d5 exd5 $1 16. exd5 b5 17. Kh1 (17. Qc2 {with more complications.} Nd6 18. Bh3 bxc4 19. Nxc4 Bxc4 20. bxc4 Rb8 21. Bxd7 Rxb2 22. Qxb2 Bf6 23. Qa3) 17... Bf6 18. Bxf6 Nexf6 19. Bh3 {[%emt 0:06:56] Against Ng4} Rb8 20. Qc2 Bc8 21. Rae1 bxc4 22. bxc4 Qc7 23. Qc3 Re8 24. Nh4 {[%emt 0:02:46] And now Nf5 would win.} g6 {[%emt 0:00:10][%mdl 8192] Against Nf5} (24... Rxe1 $14 25. Rxe1 Nf8 26. Bxc8 Qxc8) 25. Nhf3 $2 (25. Bxd7 $18 Rxe1 26. Rxe1 Nxd7 27. Re8+ Nf8 28. Ne4 Rb1+ 29. Kg2) 25... Rxe1 26. Rxe1 {[%emt 0:00:27] aiming for Bxd7.} Bb7 (26... Ba6 $16 {was called for.} 27. Qa3 Bc8) 27. Re7 (27. Kg1 $18) 27... Qd6 $14 28. Rxd7 {[%emt 0:01:30] White is much more active.} Nxd7 29. Bxd7 Qxd7 30. Ne4 $1 {[%emt 0:00:08] Nf6+ would kill now.} Qh3 {[%emt 0:00:58] ...Qf1+ is the strong threat.} 31. Nf6+ $1 {[%emt 0:00:20] Pair of Knights!} Kf8 {[%emt 0:00:10] [#]} 32. Nd7+ $1 Qxd7 33. Qh8+ {[%emt 0:00:05][%mdl 64] Skewer, Double Attack} Ke7 34. Qxb8 {[%emt 0:00:10][%mdl 4096] Endgame KQB-KQN} Qc8 (34... Bc8 $1 $14) 35. Qxa7 $18 (35. Qf4 $6 Qf5 $14) 35... Kf8 36. Qb6 Kg7 37. Qb2+ Kg8 38. Qf6 (38. Kg2 $142) 38... Ba6 $2 {[%emt 0:00:41][%mdl 8192] [#]} (38... Qa8 $16 {was necessary.}) 39. Ne5 $1 ({And not} 39. Ng5 Qe8 40. Qf4 (40. Qxa6 Qe1+ 41. Kg2 Qe2+ 42. Kh3 Qh5+ 43. Kg2 Qe2+ 44. Kg1 Qe1+ 45. Kg2 Qe2+ $11) 40... Qe1+ 41. Kg2 Qe2+ 42. Qf2 Qe7 $11) 39... Qe8 (39... Qb7 40. Kg2 (40. Qd8+ Kg7 $11) 40... Qb2+ 41. Kf3 Qc3+ 42. Kg4 Qd4+ 43. Kg5 Qd2+ 44. Qf4 Qxf4+ 45. gxf4 Kg7) 40. d6 {[%emt 0:01:01] Threatening mate with d7.} Bc8 {[%emt 0:00:29] Prevents d7.} 41. Qe7 {[%emt 0:00:28] Prevents Be6.} Qf8 42. Kg1 Be6 {[%emt 0:00:17] [#]} 43. Qxf8+ $1 Kxf8 {[%emt 0:01:42] KB-KN} 44. a4 Ke8 45. a5 Bc8 46. Kf2 f6 47. Nd3 Kd7 48. Nxc5+ ({Less strong is} 48. a6 Kxd6 49. a7 Bb7 $16) 48... Kxd6 49. Nd3 Be6 50. c5+ Kc6 51. a6 Bc8 52. Ke3 Kd5 53. h4 g5 $2 (53... Bxa6 54. Nb4+ Kxc5 55. Nxa6+ Kd5 56. Nb4+ Ke6) 54. h5 h6 55. a7 Bb7 56. g4 Ba8 57. c6 Kxc6 58. Ke4 {[%emt 0:00:05] White threatens Kf5 and mate.} Kb6+ 59. Kf5 {[%emt 0:00:07] White mates.} Kxa7 60. Kxf6 Kb6 61. Kg7 Be4 62. Nf2 Bc2 63. Kxh6 Kc5 64. Kxg5 Kd6 65. Kf6 Kd5 {[%emt 0:00:30] Weighted Error Value: White=0.22 (precise) /Black=0.49} 1-0

[Event "US Masters 2022"]
[Site "Charlotte"]
[Date "2022.11.26"]
[Round "5.19"]
[White "Sethuraman, Sandeep"]
[Black "Balakrishnan, Praveen"]
[Result "0-1"]
[ECO "D36"]
[WhiteElo "2371"]
[BlackElo "2510"]
[Annotator "TA"]
[PlyCount "48"]
[EventDate "2022.11.23"]
[EventType "swiss"]
[EventCountry "USA"]
[SourceTitle "playchess.com"]
[Source "ChessBase"]
[SourceQuality "1"]
[TimeControl "5400+30"]

1. d4 Nf6 2. c4 e6 3. Nc3 d5 4. cxd5 exd5 5. Bg5 c6 6. Qc2 Be7 7. e3 h6 8. Bh4 O-O 9. Bd3 Ne8 {[%emt 0:01:13] D36: Queen's Gambit Declined: Exchange Variation: Main line (5 Bg5 c6 6 Qc2).} 10. Bxe7 Qxe7 11. Nxd5 cxd5 {[%emt 0:00:41] The position is equal.} 12. Qxc8 Nc6 $1 13. Qxa8 $2 ({White should try} 13. Qf5 $1 $11 g6 14. Qxd5) 13... Qb4+ $1 $17 {[%emt 0:01:00] [#]} 14. Ke2 $146 (14. Kf1 $17 Nf6 15. Qxf8+ $1 (15. a3 $2 Qxb2 $17) 15... Kxf8 16. Re1) ({Predecessor:} 14. Kd1 Nf6 15. Qxf8+ Kxf8 16. Rb1 Ne4 17. Bxe4 dxe4 18. Ne2 Qc4 19. Rc1 Qxa2 20. Rxc6 bxc6 {0-1 (53) Gunathilake,M (1415)-Theekshana,H (2045) Nugegoda 2021}) 14... Qxb2+ $19 15. Kf3 {[%emt 0:01:07] aiming for Rb1.} Nf6 $2 (15... Qxa1 $19 {has better winning chances.} 16. Qxb7 Qd1+ 17. Be2 Qc2) 16. Rb1 (16. Qxf8+ $17 {was the crucial defense.} Kxf8 17. Ne2) 16... Nxd4+ (16... Qd2 $142 17. Qxf8+ (17. Qxb7 $2 Nxd4+ 18. Kg3 Nh5+ 19. Kh3 Qxf2 $19) (17. Bh7+ $2 Kxh7 $19) 17... Kxf8) 17. exd4 {[%emt 0:01:30] [#]} Qd2 $1 {[%emt 0:04:10] The board is on fire.} (17... Qxd4 18. Qxf8+ Kxf8 19. Ke2 $17) 18. Qxf8+ (18. Qxb7 $2 Qxd3+ 19. Kf4 Qe4+ 20. Kg3 Qg4#) (18. Bh7+ $2 Kxh7 19. g3 Rxa8 $19) 18... Kxf8 19. Rb3 (19. Bf5 {was forced.} g6 20. g3 (20. Ne2 $2 gxf5 21. Rb3 Ne4 $19)) 19... Qd1+ ({Worse is} 19... Qxa2 20. Rc3 (20. Rxb7 Qd2 $15) 20... Qa1 21. Rc8+ Ke7 22. Rc2 $15 (22. Rc7+ $2 Kd6 $19)) 20. Be2 (20. Ne2 $142 Qxh1 21. Rxb7) 20... Qxd4 21. Rd3 Qe4+ 22. Kg3 g5 {[%emt 0:01:04] Black mates.} 23. Nh3 Qxe2 24. Rf3 Qe5+ {[%emt 0:00:08] White did not feel at home in the position after the opening.   Weighted Error Value: White=1.46/Black=0.40} 0-1

[Event "US Masters 2022"]
[Site "Charlotte"]
[Date "2022.11.26"]
[Round "5.20"]
[White "Brodsky, David"]
[Black "Jacobson, Aaron"]
[Result "1/2-1/2"]
[ECO "C07"]
[WhiteElo "2509"]
[BlackElo "2351"]
[Annotator "TA"]
[PlyCount "96"]
[EventDate "2022.11.23"]
[EventType "swiss"]
[EventCountry "USA"]
[SourceTitle "playchess.com"]
[Source "ChessBase"]
[SourceQuality "1"]
[TimeControl "5400+30"]

1. e4 e6 2. d4 d5 3. Nd2 c5 4. Ngf3 cxd4 5. exd5 Qd7 (5... exd5 $11 {remains equal.} 6. Bd3 (6. Nxd4 Nc6 $11) 6... Qe7+ 7. Be2 d3 8. cxd3 Nf6) 6. d6 {C07: French Tarrasch: 3...c5, 4 Ngf3 and 4 exd5 Qxd5.} (6. Nxd4 a6) (6. dxe6 $16 Qxe6+ 7. Be2) 6... Qxd6 (6... Nc6 $11) 7. Bc4 (7. Nc4 $14 Qd5 8. Nxd4 (8. Qxd4 Nc6 $14)) 7... Qd7 (7... Be7 $15) 8. O-O $11 Nc6 9. Nb3 a6 10. Nbxd4 Nxd4 11. Qxd4 Qxd4 12. Nxd4 {[%emt 0:00:03] [#]} Bd7 $146 ({Predecessor:} 12... Nf6 13. Bf4 Bd7 14. Rad1 Bc5 15. Rfe1 Rc8 16. Bb3 O-O 17. c3 Rfd8 18. h3 Be8 19. g4 Bxd4 20. Rxd4 Rxd4 21. cxd4 {½-½ (36) Borisek,J (2576)-Nisipeanu,L (2657) Spilimbergo 2018}) 13. Be2 Ne7 14. Bf3 e5 15. Nb3 ({Don't play} 15. Bxb7 Ra7 16. Be4 exd4 $17) 15... Bc6 16. Bxc6+ Nxc6 17. Rd1 Rd8 {[%emt 0:00:00][%cal Rd8d1] [#]} 18. Be3 Rd7 19. c3 Kd8 20. Bb6+ Kc8 21. Rxd7 Kxd7 22. Rd1+ Kc8 23. Na5 {[%emt 0:04:04] Threatens to win with Nxc6.} Be7 24. Nc4 f6 25. a4 Nb8 26. b4 Nd7 27. Ba5 Re8 28. Kf1 Bf8 {[%emt 0:00:00] [#]} 29. Rd6 $1 e4 30. Ke2 Re5 {[%emt 0:01:39] The position is equal.} 31. Rxd7 Kxd7 32. Nxe5+ fxe5 {[%emt 0:00:04][%mdl 4096] Endgame KB-KB} 33. Ke3 {[%emt 0:00:23] Black must now prevent c4.} Kc6 $1 34. Kxe4 (34. c4 $5) 34... b6 {[%emt 0:00:23] Prevents c4.} 35. Bxb6 Kxb6 36. Kxe5 {[%emt 0:00:26] KB-KP} a5 37. bxa5+ Kxa5 38. Ke6 {[%emt 0:00:09] And now Kf7 would win.} Bc5 39. f4 Bg1 40. h4 {[%emt 0:02:36] Hoping for Kf7.} Bh2 (40... Kxa4 $2 41. Kf7 h5 42. Kxg7 $18) 41. f5 Bg3 42. Kf7 Be5 (42... Bxh4 $2 43. Kxg7 Kxa4 44. g4 $18) 43. g4 h6 44. g5 hxg5 (44... Bxc3 45. gxh6 (45. f6 hxg5 46. fxg7 Bxg7 $11) 45... gxh6 46. Kg6 $18) 45. hxg5 {[%emt 0:00:01] aiming for c4.} Bxc3 46. f6 gxf6 47. gxf6 Kxa4 48. Ke6 Bxf6 {[%emt 0:00:04] Weighted Error Value: White=0.14 (very precise) /Black=0.12 (very precise)} 1/2-1/2

[Event "US Masters 2022"]
[Site "Charlotte"]
[Date "2022.11.26"]
[Round "5.21"]
[White "Rahul Srivatshav P"]
[Black "Sargsyan, Anna M."]
[Result "1-0"]
[ECO "E20"]
[WhiteElo "2498"]
[BlackElo "2384"]
[Annotator "TA"]
[PlyCount "69"]
[EventDate "2022.11.23"]
[EventType "swiss"]
[EventCountry "USA"]
[SourceTitle "playchess.com"]
[Source "ChessBase"]
[SourceQuality "1"]
[TimeControl "5400+30"]

1. d4 Nf6 2. c4 e6 3. Nc3 Bb4 4. f3 d5 5. a3 Be7 6. e4 dxc4 7. Bxc4 c5 {[%emt 0:00:04] E20: Nimzo-Indian: 4 g3 and 4 f3.} 8. dxc5 Qxd1+ 9. Kxd1 {[%emt 0:00:03] Strongly threatening Nb5.} Bxc5 {[%emt 0:00:22] The position is equal.} 10. b4 {[%emt 0:12:10] [#]} Be7 $146 (10... Bb6 $11 {keeps the balance.}) ({Predecessor:} 10... Bb6 11. Nge2 O-O 12. Na4 Bc7 13. Be3 Nc6 14. Rc1 Ne5 15. Bb3 Rd8+ 16. Kc2 Bd7 {½-½ (40) Sethuraman,S (2625)-Hakobyan,A (2612) Dubai 2022}) 11. Bb2 {[%emt 0:08:27] White is more active.} ({White should try} 11. Nb5 $1 $16 {[%cal Rb5c7] Threatens to win with Nc7+.} Na6 12. Be3) 11... Nc6 12. Nge2 (12. f4 {keeps more tension.} Ng4 13. Ke2 Nd4+ 14. Kd3) 12... Bd7 13. Kc2 Rc8 14. Bb3 O-O (14... b5 {simplifies} 15. Kb1 a5 16. Rd1 axb4 17. axb4 Nxb4 18. g4 h6) 15. Rhd1 {[%emt 0:02:28] Against b5} Ne5 16. Rac1 a5 17. bxa5 Bb5 ({Black should play} 17... Nc6 $11) 18. Nd4 $1 $14 Ba6 {[%emt 0:07:20] [#] Black is now going downhill.} (18... Be8 $14) 19. Nxe6 $1 $16 fxe6 20. Bxe6+ Kh8 21. Bxc8 Rxc8 {[%emt 0:00:07] [#]} 22. Kb1 $1 {[%emt 0:00:35] aiming for Nd5.} Nc4 {[%emt 0:05:31] [#]} (22... Bd3+ $2 23. Ka1 $18) (22... Kg8 $16) 23. e5 $1 $18 Ng8 24. Ne4 {[%emt 0:03:00] Against Bg5} Rf8 25. Rd7 h6 26. Nd6 Nxa5 27. Rcc7 Nc6 28. Nxb7 Bxb7 (28... Bb5 {might work better.} 29. Nd6 Ba4) 29. Rxb7 Ra8 30. Rdc7 Ra6 (30... Nd8 $142 31. Rxe7 Nxe7 32. Rxe7 Kg8) 31. f4 g6 32. e6+ Kh7 33. g4 h5 34. g5 h4 35. h3 {[%emt 0:00:03] Weighted Error Value: White=0.10 (very precise) /Black=0.50} 1-0

[Event "US Masters 2022"]
[Site "Charlotte"]
[Date "2022.11.26"]
[Round "5.22"]
[White "Malicka, Maria"]
[Black "Nagy, Gabor"]
[Result "1/2-1/2"]
[ECO "B48"]
[WhiteElo "2275"]
[BlackElo "2482"]
[Annotator "TA"]
[PlyCount "109"]
[EventDate "2022.11.23"]
[EventType "swiss"]
[EventCountry "USA"]
[SourceTitle "playchess.com"]
[Source "ChessBase"]
[SourceQuality "1"]
[TimeControl "5400+30"]

1. e4 c5 2. Nf3 e6 3. d4 cxd4 4. Nxd4 Nc6 5. Nc3 Qc7 6. Be3 a6 7. g4 {[%emt 0:00:06] B48: Sicilian: Taimanov: 5 Nc3 Qc7 6 Be3 a6 without Be2.} h6 8. h4 Nf6 9. Nxc6 {[%emt 0:17:09] [#]} dxc6 $146 ({Predecessor:} 9... bxc6 10. Qf3 d5 11. g5 Nd7 12. O-O-O hxg5 13. hxg5 Rxh1 14. Qxh1 Bb7 15. g6 fxg6 {½-½ (50) Oparin,G (2674)-Moussard,J (2630) Chess.com INT 2022}) 10. Qf3 h5 11. gxh5 Nxh5 12. O-O-O Be7 13. Kb1 {[%emt 0:08:35] White has more active pieces.} b5 14. Bg5 Bb7 15. Bxe7 (15. Be2 {simplifies} e5 16. Qg2 g6 17. Bxh5 Rxh5 18. Ne2) 15... Kxe7 16. Qe3 c5 17. Rg1 g6 18. e5 (18. Bh3 $14) 18... Kf8 (18... Ng7 $1 $11) 19. Be2 $1 $36 {[%emt 0:05:36][%mdl 2048] Keeping Black busy.} Ng7 20. Qf4 (20. Ne4 Qxe5 21. Qxc5+ (21. Nxc5 Qxe3 22. fxe3 Bc6 $15) 21... Qxc5 22. Nxc5 Bc6 $15) 20... Qe7 (20... Nf5 21. h5 Rd8 22. hxg6 Rxd1+ 23. Nxd1 $16 (23. Rxd1 fxg6 24. Qg5 Nd4 $16)) (20... Kg8 $14) 21. Rxg6 $18 Rxh4 (21... Rd8 {is a better defense.}) 22. Rg4 Rxg4 23. Qxg4 {[%emt 0:00:00] And now Rg1 would win.} (23. Bxg4 Rd8 $16) 23... Rd8 $2 (23... b4 24. Qh3 Qg5 25. Bxa6 Bc6) 24. Rg1 f5 25. Qh3 {[%emt 0:00:00] Intending Qh8+ and mate.} Kg8 {[%emt 0:00:12] Inhibits Qh8+.} 26. Qh6 Rd4 27. f4 b4 {[%emt 0:01:20] [#]} (27... Rd2 $142 28. Bh5 Rh2 29. Bf7+ Qxf7 30. Qxh2 Bf3) 28. Bh5 $1 {[%emt 0:00:00][%cal Oh5g6] Strongly threatening Bg6!} bxc3 (28... Rd2 29. Bg6) 29. Bg6 Qd7 30. Qh7+ Kf8 31. Qh8+ $2 (31. bxc3 $2 Rd1+ 32. Rxd1 Qxd1+ $19) (31. Bh5 {White wants to mate with Qh8+.} Bg2 32. Qh8+ (32. Rxg2 $2 Rd1+ 33. Bxd1 Qxd1#) (32. bxc3 Nxh5 33. Qh8+ Ke7 $11) 32... Ke7 33. Qxg7+ Kd8 34. Qxg2) 31... Ke7 32. Qxg7+ Kd8 33. Qf8+ Kc7 34. Qxc5+ (34. bxc3 Qb5+ 35. Ka1 Qc4 $11) 34... Kb8 35. Bh5 {[%emt 0:01:00] Prevents Rd1+. Rg8+ is the strong threat.} (35. bxc3 Rxf4 36. Bh5 Qb5+ 37. Qxb5 axb5 $11) 35... Rxf4 36. Qxc3 ({Don't play} 36. bxc3 $6 Qb5+ 37. Qxb5 axb5 $11) (36. Rg8+ $6 Bc8 37. bxc3 (37. Qb6+ Qb7 $11) 37... Rf1+ 38. Kb2 Qb7+ 39. Qb4 (39. Ka3 Rb1 $11) 39... a5 $11) (36. a3 $142 $1) 36... Qd4 $16 37. Qxd4 ({White should try} 37. Rg8+ $16 Ka7 38. Qxd4+ Rxd4 39. Kc1) 37... Rxd4 {[%emt 0:00:02][%mdl 4096] Endgame KRB-KRB} 38. b3 {[%emt 0:00:46] Black should prevent Rg8+.} Re4 39. Bf3 Rxe5 40. Rg8+ Bc8 $1 41. Kc1 Re3 42. Bg2 Kc7 43. Kd2 f4 44. c4 e5 45. Rf8 Bg4 {[%emt 0:01:19] Threatens to win with ...Re2+.} 46. Rf7+ (46. Bd5 $11) 46... Kd6 $1 $17 {[%emt 0:00:29] aiming for ...Re2+.} 47. Bb7 ({Don't go for} 47. Rf6+ $2 Ke7 $19) (47. Bf1 $17) 47... a5 $1 $19 ({And not} 47... Re2+ 48. Kd3 $17) 48. Rf6+ Kc5 (48... Ke7 $1 $19 49. Rg6 Bf3) 49. Rc6+ (49. Ba8 $142) 49... Kb4 $17 50. Rb6+ Ka3 $1 51. Rg6 {[%emt 0:00:35] [#]} Re2+ ({Black should play} 51... Bf5 $1 52. Rg5 Bh3) 52. Kd3 Re3+ (52... Bh5 $142 {( -> ...Re3+)} 53. Rg5 Re3+ 54. Kd2 Be2) 53. Kd2 {[%emt 0:00:01] [#]} Re2+ ({Better is} 53... Bf5 $1 54. Rg5 Bh3) 54. Kd3 Re3+ (54... Bh5 $5 55. Rg5 Re3+ 56. Kd2 Be2 $15) 55. Kd2 {[%emt 0:00:00] Never resign too early!   Weighted Error Value: White=0.26 (precise) /Black=0.33} 1/2-1/2

[Event "US Masters 2022"]
[Site "Charlotte"]
[Date "2022.11.26"]
[Round "5.23"]
[White "Macovei, Andrei"]
[Black "Chen, Ryo"]
[Result "1-0"]
[ECO "B66"]
[WhiteElo "2482"]
[BlackElo "2269"]
[Annotator "TA"]
[PlyCount "85"]
[EventDate "2022.11.23"]
[EventType "swiss"]
[EventCountry "USA"]
[SourceTitle "playchess.com"]
[Source "ChessBase"]
[SourceQuality "1"]
[TimeControl "5400+30"]

1. e4 c5 2. Nf3 d6 3. d4 cxd4 4. Nxd4 Nf6 5. Nc3 Nc6 6. Bg5 a6 7. Qd2 Qb6 8. Nb3 e6 9. O-O-O Qc7 10. f4 b5 {[%emt 0:02:11] B66: Sicilian: Richter-Rauzer: 7...a6 8 0-0-0 h6.} 11. Kb1 Be7 12. Bxf6 gxf6 {[%emt 0:00:12] White is slightly better.} 13. Ne2 b4 {[%emt 0:21:44] Prevents f5.} 14. f5 {[%emt 0:00:00] [#]} e5 $146 {[%emt 0:06:55] Prevents Nf4.} ({Predecessor:} 14... a5 15. Ned4 a4 16. Bb5 Bd7 17. fxe6 fxe6 18. Bxc6 Bxc6 19. Nxe6 Qb7 20. Nbd4 Bxe4 {0-1 (50) Mickiewicz,P (2283)-Kharmunova,N (2025) Chess.com INT 2022}) 15. c3 a5 16. cxb4 axb4 17. Nec1 Bb7 18. Bb5 (18. Bc4 $16) 18... O-O $11 19. Qe2 Kh8 20. Bc4 Na5 (20... Nb8 $11) 21. Bd5 ({White should try} 21. Nxa5 $16 Qxa5 22. Rhe1) 21... Bxd5 22. Rxd5 Nxb3 23. Nxb3 Qa7 24. Ra5 {[%emt 0:00:00] Active counter play!} Qb7 25. Rd1 Rac8 (25... Rfc8 $14) 26. Qd3 (26. Rad5 $16) 26... Rg8 $14 27. g3 Rg4 {[%emt 0:03:24] Black is now going downhill.} 28. Nd2 Bf8 29. h3 Qc7 {[%emt 0:01:12] [#]} (29... Rg5 $16 {might work better.}) 30. Nc4 $1 $18 Rg8 31. b3 (31. Nxd6 $2 Bxd6 32. Rd5 {[#]} Rxg3 $3 $19 ) 31... Be7 (31... Qc6 $142 32. g4 (32. Nxd6 Qxd6 33. Qxd6 Bxd6 $15) 32... Qb7) 32. g4 Ra8 33. Rxa8 Rxa8 34. Ne3 (34. Nxd6 Qa7 35. Qe2 (35. Nxf7+ $2 Kg7 $19) 35... Bxd6 36. Rxd6 Qg1+ 37. Kb2 (37. Rd1 Qg3 $11) 37... Kg7 $14) 34... Qa7 35. Qe2 Bd8 36. Nd5 (36. Rxd6 Kg7 37. Rd1 Rc8 $18) 36... Qa5 37. Rc1 Bb6 38. h4 ({Less strong is} 38. Nxf6 Be3 39. Rc2 (39. Qxe3 $2 Qxa2#) (39. Rc6 Bg5 $16) 39... Bc5 $18) 38... Bd4 (38... Bd8 {was called for.} 39. Rc4 h6 40. Nxb4 Qb6) 39. g5 {[%emt 0:00:00] Strongly threatening Rc7.} fxg5 (39... Bc3 $142 40. a4 Qd8 41. Nxf6 Qf8) 40. hxg5 Qd8 41. Nf6 {[%emt 0:00:00] White mates.} ({Not} 41. Nxb4 Qxg5 42. Rh1 Rg8 $16) 41... Kg7 42. Qh2 Kf8 43. Qxh7 {[%emt 0:15:00] Weighted Error Value: White=0.08 (flawless) /Black=0.43} (43. Qh6+ $142 Ke7 44. Qxh7 Bc5 45. Nd5+ Ke8 46. Qg8+ Kd7 47. Qxf7+ Kc6 48. Nxb4+ Kb6 49. Nd5+ Ka6 50. Nc7+ Kb6 51. Nxa8+ Qxa8 52. Qc4) 1-0

[Event "US Masters 2022"]
[Site "Charlotte"]
[Date "2022.11.26"]
[Round "5.24"]
[White "Rodriguez Garcia, Victor"]
[Black "Canty, James"]
[Result "1-0"]
[ECO "B50"]
[WhiteElo "2350"]
[BlackElo "2158"]
[Annotator "TA"]
[PlyCount "99"]
[EventDate "2022.11.23"]
[EventType "swiss"]
[EventCountry "USA"]
[SourceTitle "playchess.com"]
[Source "ChessBase"]
[SourceQuality "1"]
[TimeControl "5400+30"]

1. e4 c5 2. Nf3 d6 3. c3 Nf6 4. h3 Nc6 5. Bd3 e5 6. Bc2 g6 {[%emt 0:07:39] 6...d5 is the modern continuation. B50: Sicilian: 2...d6, Miscellaneous.} 7. O-O Bg7 8. d4 exd4 {[%emt 0:02:21] The position is equal.} 9. cxd4 O-O 10. d5 Nb4 11. Nc3 Nxc2 12. Qxc2 Re8 13. Re1 a6 14. a4 {[%emt 0:00:53] Inhibits b5.} b6 15. Bf4 {[%emt 0:01:38] [#]} Bb7 $146 ({Predecessor:} 15... Ra7 16. e5 dxe5 17. Bxe5 Rd7 18. d6 Bb7 19. Nd2 Rxe5 20. Rxe5 Rxd6 21. Nc4 Rd4 {0-1 (37) Kundrik,P (2260)-Likavsky,T (2486) Slovakia 2012}) 16. Bh2 {[%emt 0:03:26] White is more active.} (16. Nd2 $16) 16... Qd7 17. Rad1 $1 Rad8 {[%emt 0:04:35] [#]} (17... c4 $14) 18. e5 ({Better is} 18. Qb3 $1 $16) 18... dxe5 $11 19. Nxe5 Qc8 20. Qb3 Nxd5 21. Nxd5 {[%emt 0:06:03][%cal Od5f6] White wants to mate with Nf6+!} Qe6 {[%emt 0:00:25][%cal Rb7d5] Inhibits Nf6+.} 22. Qxb6 Bxd5 {[%emt 0:00:50] A strong pair of Bishops.} 23. Qxc5 {[%emt 0:03:07] And now Qa5 would win.} Ba8 24. Rxd8 Rxd8 25. Bg3 Rc8 {[%emt 0:07:35] Prevents b4.} 26. Qd4 Bf6 27. b4 Rd8 28. Qf4 Bxe5 29. Qxe5 (29. Rxe5 {gets mated.} Rd1+ 30. Kh2 {[#]} Rh1+ $3 31. Kxh1 Qxh3+ 32. Bh2 Qxg2#) 29... Re8 30. Qxe6 fxe6 $16 {[%emt 0:00:03][%mdl 4096] Endgame KRB-KRB} 31. b5 axb5 32. axb5 Bd5 33. b6 {[%emt 0:00:24] Threatens to win with Rd1.} Ra8 $2 {[%emt 0:01:25][%mdl 8192] A mistake that costs the game.} (33... Kf7 $16 34. Rd1 Bb7) 34. Rd1 $18 {[%emt 0:00:32] White is clearly winning.} Be4 35. Rd4 Ra1+ 36. Kh2 Bc6 37. b7 Bxb7 38. Rd8+ Kf7 39. Rd7+ Kf6 40. Rxb7 {[%emt 0:00:08] KRB-KR} h5 41. h4 Ra4 42. Rb5 Re4 43. f3 Re2 44. Bf4 Ke7 45. Kg3 Ra2 46. Rb7+ Kf6 47. Bg5+ Ke5 48. Rg7 Kf5 49. Rf7+ Ke5 50. Rf6 {[%emt 0:00:04] Weighted Error Value: White=0.11 (very precise) /Black=0.31} 1-0

[Event "US Masters 2022"]
[Site "Charlotte"]
[Date "2022.11.26"]
[Round "6.1"]
[White "Ramirez, Alejandro"]
[Black "Naroditsky, Daniel"]
[Result "1/2-1/2"]
[WhiteElo "2561"]
[BlackElo "2617"]
[Annotator "TA"]
[PlyCount "44"]
[EventDate "2022.11.23"]
[EventType "swiss"]
[EventCountry "USA"]
[SourceTitle "playchess.com"]
[Source "ChessBase"]
[SourceQuality "1"]
[TimeControl "5400+30"]

1. Nf3 Nf6 2. c4 g6 3. Nc3 Bg7 4. e4 d6 5. d4 O-O 6. Be2 e5 7. dxe5 dxe5 {[%emt 0:00:06] [#]} {Predecessor:} 8. Qxd8 $146 {E92: King's Indian: Classical: 6 Be2 e5: 7 dxe5, 7 Be3 and Petrosian System without 7...Nbd7.} Rxd8 9. Bg5 Re8 10. Nd5 Nxd5 11. cxd5 c6 12. Bc4 b5 13. Bb3 a5 14. a4 bxa4 15. Bxa4 Bd7 16. dxc6 Bxc6 17. Ke2 Bxa4 18. Rxa4 Nc6 19. Rc1 Nd4+ 20. Kf1 Rab8 21. Rb1 Rb5 22. Nxd4 exd4 {½-½ (38) So,W (2776)-Firouzja,A (2804) Bucharest 2022} 1/2-1/2

[Event "US Masters 2022"]
[Site "Charlotte"]
[Date "2022.11.26"]
[Round "6.2"]
[White "Oparin, Grigoriy"]
[Black "Balakrishnan, Praveen"]
[Result "1/2-1/2"]
[ECO "D20"]
[WhiteElo "2683"]
[BlackElo "2510"]
[Annotator "TA"]
[PlyCount "73"]
[EventDate "2022.11.23"]
[EventType "swiss"]
[EventCountry "USA"]
[SourceTitle "playchess.com"]
[Source "ChessBase"]
[SourceQuality "1"]
[TimeControl "5400+30"]

1. d4 Nf6 2. c4 e6 3. Nf3 d5 4. Nc3 Bb4 5. Qa4+ Nc6 6. e3 O-O 7. Qc2 dxc4 8. Bxc4 Bd6 9. O-O e5 10. h3 exd4 11. exd4 Nb4 12. Qd1 h6 13. a3 Nc6 14. Qc2 {[%emt 0:02:04] D20: Queen's Gambit Accepted: 3 e3 and 3 e4.} Ne7 15. Re1 c6 16. Ne5 Ned5 {[%emt 0:05:08] [#]} (16... Bc7 {keeps more tension.} 17. Qb3 Ned5 18. Nxd5 Nxd5 19. Qg3 Qf6) 17. Bxd5 $146 (17. Qb3 {with more complications.} Bc7 18. Nxd5 Nxd5 19. Qg3) ({Predecessor:} 17. Qd3 Be6 18. Bd2 Re8 19. Nxd5 Bxd5 20. Re2 Bxc4 21. Qxc4 Nd5 22. Rae1 Qc7 23. b4 a6 24. a4 Re6 25. b5 axb5 26. axb5 {½-½ (36) Mamedyarov,S (2756)-Wojtaszek,R (2736) Bilbao 2014}) 17... Nxd5 18. Nxd5 cxd5 19. Qb3 (19. Bf4 {is interesting.} Qb6 20. Qd3 Re8 21. b4) 19... Bc7 20. Bf4 Bb6 (20... Qh4 {feels hotter.} 21. Ng6 fxg6 22. Qxd5+ Kh7) 21. Qg3 Qf6 22. Nd3 Bf5 {[%emt 0:02:36] [#] Threatens to win with ...Bxd3.} 23. Nc5 Rfe8 (23... Qxd4 $2 24. Be5 $18 (24. Nxb7 Qd3 $11) (24. Nxb7 Qd3 $11)) 24. Rad1 Qg6 25. Qxg6 Bxg6 26. b4 Bc2 27. Rc1 {[%emt 0:07:11] [#] Rxe8+ is the strong threat.} Bxc5 28. bxc5 {[%emt 0:00:58] Hoping for Rxe8+.} Ba4 29. f3 Rxe1+ 30. Rxe1 $11 {[%emt 0:00:04][%mdl 4096] Endgame KRB-KRB} Re8 31. Rb1 Bc6 32. Kf2 f6 33. g4 Kf7 34. h4 g5 35. Bg3 Kg6 36. hxg5 hxg5 37. Re1 {[%emt 0:00:00] Weighted Error Value: White=0.04 (flawless) /Black=0.03 (flawless)} 1/2-1/2